 Dungeon Sprint DCSS version 0.23.1 (webtiles) character file.

Game seed: 13874776970555442051

1176 dvd the Cleaver (level 8, -5/79 HPs)
             Began as a Minotaur Fighter on Mar 18, 2019.
             Was a Believer of Okawaru.
             Slain by an orange demon (9 damage)
             ... summoned by an orc high priest
             ... in the Dungeon (Sprint VII: "The Pits").
             The game lasted 00:04:05 (515 turns).

dvd the Cleaver (Minotaur Fighter)                   Turns: 515, Time: 00:04:06

Health: -5/79      AC: 15    Str: 19 (21) XL:     8   Next: 18%
Magic:  6/7        EV:  9    Int:  5      God:    Okawaru [**....]
Gold:   0          SH: 12    Dex: 12      Spells: 7/7 levels left

rFire    + . .     SeeInvis .   q - +2 war axe (curse)
rCold    . . .     Gourm    .   c - +0 shield
rNeg     . . .     Faith    .   r - +3 chain mail
rPois    .         Spirit   .   (helmet restricted)
rElec    .         Reflect  .   (no cloak)
rCorr    .         Harm     .   (no gloves)
MR       +....     NoTele   +   (no boots)
Stlth    ..........             (no amulet)
HPRegen  0.23/turn              (no ring)
MPRegen  0.10/turn              (no ring)

@: berserk cooldown, very slightly contaminated, slowed, very slow
A: retaliatory headbutt, horns 2, deterioration 1, fire resistance 1, magic
resistance 1, evolution 1
a: Heroism, Renounce Religion


You were in the Dungeon.
You worshipped Okawaru.
Okawaru was pleased with you.
You were very hungry.

You visited 1 branch

Inventory:

Hand Weapons
 a - a +2 long sword of flaming
 q - a cursed +2 war axe (weapon)
 s - a +3 battleaxe of freezing
Armour
 b - a +0 scale mail
 c - a +0 shield (worn)
 r - a +3 chain mail (worn)
Scrolls
 m - 3 scrolls of remove curse
 n - 5 scrolls of amnesia
 o - a scroll of summoning
Potions
 d - a potion of might
 e - 6 potions of curing
 g - 4 potions of heal wounds
 h - a potion of haste
 i - 4 potions of magic
 j - a potion of berserk rage
 l - 2 potions of invisibility
 t - 2 potions of mutation
Comestibles
 f - 9 rations
 p - a chunk of flesh


   Skills:
 + Level 10.0 Fighting
 + Level 11.6 Axes
 + Level 11.1 Armour
 + Level 4.2 Dodging
 + Level 10.9 Shields
 + Level 1.1 Invocations


You had 7 spell levels left.
You didn't know any spells.
Your spell library was empty.

Dungeon Overview and Level Annotations

Branches:
Dungeon (1/1)

Altars:
Ashenzari
Cheibriados
Dithmenos
Elyvilon
Fedhas
Gozag
Hepliaklqana
Kikubaaqudgha
Makhleb
Nemelex Xobeh
Okawaru
Qazlal
Ru
Sif Muna
Trog
Uskayaw
Vehumet
Wu Jian
Xom
Yredelemnul
Zin
The Shining One
Beogh
Jiyva
Lugonu

Annotations:
D Sonja


Innate Abilities, Weirdness & Mutations

You reflexively headbutt those who attack you in melee.
You have a pair of horns on your head.
Your body sometimes deteriorates upon taking damage.
Your flesh is heat resistant. (rF+)
You are resistant to hostile enchantments. (MR+)
You evolve.


Message History

The orc high priest is moderately wounded.
You slash the orange demon!
The orc high priest hits you with a +0 short sword of holy wrath.
* * * LOW HITPOINT WARNING * * *
Unknown command.
Your chain mail prevents you from hitting the orc high priest.
The orc high priest is moderately wounded.
You slash the orange demon!
You are no longer berserk.
You are exhausted.
You feel yourself slow down. You block the orange demon's attack. x2
Unknown command.
Blink to where?
Press: ? - help, Dir - move target cursor You are very lightly contaminated with residual magic.
As you read the scroll of blinking, it crumbles to dust.
You block the orange demon's attack.
Unknown command.
The orange demon stings you from afar!
You die...

############
#_________.#
#_________.#
#_______...#########
##########'##.......
#.?(.')))'.##......#
##########.##.......
#..@..).....'.......
#4#####[#####......#
#.#..#.)...##.......
#o#).#####รท#####'###
#4#))#...(.##.......
#4#))#.....##.......
#.#.[###'####.......
#)##'#.....##...<...
#.#........##.......


You could see an orange demon.

Vanquished Creatures
  3 hungry ghosts (D)
  2 floating eyes (D)
  2 orc warriors (D)
  2 ogres (D)
  3 wights (D)
  A killer bee (D)
  Terence (D)
  An adder (D)
  2 ufetubi (D)
  A leopard gecko (D)
  3 orcs (D)
  3 bats (D)
  2 goblins (D)
  2 kobolds (D)
  2 quokkas (D)
30 creatures vanquished.

Notes
Turn   | Place    | Note
-------+----------+-------------------------------------------
     0 | D        | dvd the Minotaur Fighter began the quest for the Orb.
     0 | D        | Reached XP level 1. HP: 19/19 MP: 0/0
    22 | D        | Found a bloodstained altar of Trog.
    22 | D        | Found a deep blue altar of Sif Muna.
    22 | D        | Found a viscous altar of Jiyva.
    22 | D        | Found a hazy altar of Hepliaklqana.
    22 | D        | Found an opulent altar of Gozag.
    23 | D        | Found a glowing golden altar of the Shining One.
    23 | D        | Found a glowing silver altar of Zin.
    23 | D        | Found a basalt altar of Yredelemnul.
    23 | D        | Found a shimmering altar of Xom.
    23 | D        | Found an ornate altar of the Wu Jian Council.
    23 | D        | Found a sacrificial altar of Ru.
    23 | D        | Found a stormy altar of Qazlal.
    23 | D        | Found an iron altar of Okawaru.
    23 | D        | Found a sparkling altar of Nemelex Xobeh.
    23 | D        | Found a burning altar of Makhleb.
    23 | D        | Found a blossoming altar of Fedhas.
    23 | D        | Found a white marble altar of Elyvilon.
    23 | D        | Found a shadowy altar of Dithmenos.
    23 | D        | Found a snail-covered altar of Cheibriados.
    26 | D        | Found a corrupted altar of Lugonu.
    26 | D        | Found a radiant altar of Vehumet.
    26 | D        | Found a roughly hewn altar of Beogh.
    27 | D        | Found an ancient bone altar of Kikubaaqudgha.
    27 | D        | Found a hide-covered altar of Uskayaw.
    27 | D        | Found a shattered altar of Ashenzari.
    31 | D        | Became a worshipper of Warmaster Okawaru
   105 | D        | Reached XP level 2. HP: 28/28 MP: 1/1
   111 | D        | Noticed a wight
   111 | D        | Noticed a floating eye
   111 | D        | Noticed a wight
   111 | D        | Noticed a wight
   122 | D        | Killed a floating eye
   122 | D        | Reached skill level 1 in Dodging
   122 | D        | Reached XP level 3. HP: 38/38 MP: 2/2
   122 | D        | Reached XP level 4. HP: 45/45 MP: 3/3
   126 | D        | Reached skill level 5 in Axes
   126 | D        | Reached XP level 5. HP: 37/52 MP: 4/4
   129 | D        | Reached * piety under Okawaru
   352 | D        | Noticed Terence
   353 | D        | Noticed a floating eye
   353 | D        | Noticed an ogre
   358 | D        | Killed an ogre
   358 | D        | Reached XP level 6. HP: 61/61 MP: 5/5
   358 | D        | Noticed a hungry ghost
   359 | D        | Killed a floating eye
   359 | D        | Reached skill level 10 in Armour
   363 | D        | Killed Terence
   371 | D        | Killed a hungry ghost
   371 | D        | Reached XP level 7. HP: 70/70 MP: 6/6
   375 | D        | Gained mutation: Your body sometimes deteriorates upon
                  | taking damage. [potion of mutation]
   375 | D        | Gained mutation: You are resistant to hostile enchantments.
                  | (MR+) [potion of mutation]
   375 | D        | Gained mutation: You evolve. [potion of mutation]
   375 | D        | Gained mutation: Your flesh is heat resistant. (rF+)
                  | [potion of mutation]
   427 | D        | Noticed a hungry ghost
   440 | D        | Killed a hungry ghost
   440 | D        | Reached skill level 10 in Axes
   440 | D        | Reached skill level 10 in Shields
   448 | D        | Noticed Sonja
   448 | D        | Noticed an orc high priest
   449 | D        | Noticed a hungry ghost
   452 | D        | Noticed a chaos spawn
   458 | D        | Reached ** piety under Okawaru
   480 | D        | Killed a hungry ghost
   480 | D        | Reached XP level 8. HP: 52/79 MP: 4/7
   482 | D        | Reached skill level 10 in Fighting
   482 | D        | Reached skill level 1 in Invocations
   484 | D        | Noticed a sun demon
   484 | D        | Noticed a sun demon
   485 | D        | Noticed a rust devil
   508 | D        | Noticed an ice devil
   512 | D        | Noticed an orange demon
   512 | D        | HP: 5/118 [orc high priest/+0 short sword of holy wrath
                  | (4)]
   515 | D        | Slain by an orange demon

Skill      XL: |  1  2  3  4  5  6  7  8 |
---------------+-------------------------+-----
Fighting       | 4 6 7 8 9 10 | 10.0
Armour         | 4 7 9 10 11 | 11.1
Shields        | 4 6 7 8 9 10 | 10.9
Axes           | 4 5 7 9 11 | 11.6
Dodging        | 1 2 3 4 |  4.2
Invocations    | 1 |  1.1

Action                   |  1- 3 |  4- 6 |  7- 9 || total
-------------------------+-------+-------+-------++-------
Melee: War axe           |    16 |    30 |    60 ||   106
       Headbutt          |     2 |     5 |     9 ||    16
Invok: Heroism           |       |     1 |     3 ||     4
  Use: Potion            |       |     1 |     4 ||     5
       Scroll            |       |       |     1 ||     1
  Eat: Chunk             |       |       |     1 ||     1
Armor: Scale mail        |    13 |     5 |       ||    18
       Chain mail        |       |     3 |    10 ||    13
Dodge: Dodged            |    12 |     6 |    20 ||    38
Block: Shield            |    18 |    11 |    31 ||    60
